 Dungeon Crawl Stone Soup version 0.31.0-11-ge490571c62 (webtiles) character file.

Game seed: 14998437270908172207

15115 jestert79 the Spear-Bearer (level 11, -2/95 HPs)
             Began as a Red Draconian Artificer on Feb 3, 2024.
             Was an Elder of Kikubaaqudgha.
             Hit by a javelin thrown by a minotaur (29 damage)
             ... in a Gauntlet.
             The game lasted 00:44:13 (12241 turns).

jestert79 the Spear-Bearer (DrAr)                  Turns: 12241, Time: 00:44:13

Health: -2/95      AC: 15    Str: 14    XL:     11   Next: 97%
Magic:  0/26       EV: 18    Int: 24    God:    Kikubaaqudgha [****..]
Gold:   340        SH:  0    Dex: 23    Spells: 10/18 levels left

rFire   + + .        a - +1 spear
rCold   . . .        (no shield)
rNeg    . . .        (body armour unavailable)
rPois   .            (helmet restricted)
rElec   .            l - +1 cloak
rCorr   .            t - +2 pair of gloves
SInv    .            w - +2 pair of boots
Will    .....        z - amulet of guardian spirit
Stlth   +            q - ring "Noataj" {*Slow MP+9 Int+5 Dex+5}
HPRegen 0.35/turn    O - ring "Nyrgh" {rF+ Int+3 Dex+6 Stlth-}
MPRegen 0.20/turn

%: no teleportation, slow self (1%), guardian spirit
@: short of breath
A: breathe fire, AC +7, unfitting armour, fire resistance 1, cold-blooded
a: Breathe Fire, Renounce Religion, Unearth Wretches


You were in a Gauntlet.
You worshipped Kikubaaqudgha.
Kikubaaqudgha was greatly pleased with you.
You visited 1 branch of the dungeon, and saw 11 of its levels.
You also visited: Gauntlet.

You collected 884 gold pieces.
You spent 544 gold pieces at shops.

Inventory:

Hand Weapons
 a - a +1 spear (weapon)
Missiles
 e - 96 stones
 p - 5 curare-tipped darts
Armour
 l - a +1 cloak (worn)
 t - a +2 pair of gloves (worn)
 w - a +2 pair of boots (worn)
 J - a +0 buckler
Magical Staves
 m - a staff of fire
 I - a staff of death
Jewellery
 d - the ring of Impatience {*Slow rPois rF+ Will++ Stlth+}
   (You found it in a Gauntlet)

   [ring of protection from fire]

   rF+:       It protects you from fire.
   rPois:     It protects you from poison Will++: It greatly increases your
   willpower.
   *Slow:     It may slow you when you take damage.
   Stlth+:    It makes you more stealthy.
 g - a ring of positive energy
 j - a ring of fire
 q - the ring "Noataj" (left hand) {*Slow MP+9 Int+5 Dex+5}
   (You found it on level 3 of the Dungeon)

   [ring of magical power]

   Int+5:     It affects your intelligence (+5).
   Dex+5:     It affects your dexterity (+5).
   MP+9:      It affects your magic capacity (+9).
   *Slow:     It may slow you when you take damage.
 z - an amulet of guardian spirit (around neck)
 F - a +6 ring of dexterity
 G - a +6 ring of strength
 O - the ring "Nyrgh" (right hand) {rF+ Int+3 Dex+6 Stlth-}
   (You found it on level 11 of the Dungeon)

   [ring of protection from fire]

   Int+3:     It affects your intelligence (+3).
   Dex+6:     It affects your dexterity (+6).
   rF+:       It protects you from fire.
   Stlth-:    It makes you less stealthy.
 P - a ring of magical power
Wands
 b - a wand of flame (33) (quivered)
 c - a wand of charming (8)
 v - a wand of roots (14)
Scrolls
 k - 4 scrolls of blinking
 o - 2 scrolls of silence
 r - 3 scrolls of teleportation
 x - a scroll of amnesia
 y - 2 scrolls of vulnerability
 D - 2 scrolls of fear
 H - 2 scrolls of identify
 L - a scroll of brand weapon
 R - a scroll of immolation
Potions
 f - a potion of haste
 h - a potion of cancellation
 i - a potion of mutation
 s - 2 potions of resistance
 u - a potion of might
 A - 2 potions of attraction
 B - 3 potions of lignification
 C - 2 potions of enlightenment
 E - a potion of curing
 K - a potion of brilliance
 M - a potion of magic
 N - a potion of berserk rage {unknown}
Miscellaneous
 Q - a phantom mirror (inert)


   Skills:
 + Level 8.9 Fighting
 - Level 12.0 Polearms
 + Level 7.2 Dodging
 - Level 0.8 Stealth
 + Level 4.3 Spellcasting
 + Level 4.1 Necromancy
 - Level 7.3 Fire Magic
 - Level 6.0 Alchemy
 - Level 3.0 Evocations


You had 10 spell levels left.
You knew the following spells:

 Your Spells              Type           Power      Damage    Failure   Level
a - Sticky Flame          Fire/Alch      37%        2d8       6%          4
b - Dispel Undead         Necr           25%        3d12      17%         4

Your spell library contained the following spells:

 Spells                   Type           Power      Damage    Failure   Level
 Cigotuvi's Dreadful Rot  Necr/Alch/Air  42%        N/A       3%          2
 Kiss of Death            Conj/Necr      60%        2d10      4%          1
 Fugue of the Fallen      Necr           25%        N/A       4%          3
 Vampiric Draining        Necr           25%        2d7       4%          3
 Ignite Poison            Fire/Alch      37%        N/A       6%          4
 Blink                    Tloc           10%        N/A       14%         2
 Lesser Beckoning         Tloc           10%        N/A       14%         2
 Momentum Strike          Conj/Tloc      10%        3d8       14%         2
 Static Discharge         Conj/Air       10%        3-4/arc   14%         2
 Tukima's Dance           Hex            5%         N/A       28%         3
 Anguish                  Hex/Necr       7%         N/A       36%         4
 Martyr's Knell           Necr/Summ      15%        N/A       36%         4
 Yara's Violent Unravell  Hex/Alch       9%         3d6       58%         5
 Airstrike                Air            2%         2d(1-17)  67%         4
 Passage of Golubria      Tloc           5%         N/A       67%         4
 Summon Lightning Spire   Summ/Air       5%         N/A       67%         4
 Borgnjor's Vile Clutch   Necr/Erth      7%         N/A       73%         5
 Death Channel            Necr           12%        N/A       95%         6
 Conjure Ball Lightning   Conj/Air       2%         3x3d6     100%        6
 Discord                  Hex            2%         N/A       100%        8
 Disjunction              Tloc           2%         N/A       100%        8
 Ignition                 Fire           20%        3d7       100%        8


Dungeon Overview and Level Annotations

Branches:
Dungeon (11/15)            Temple (0/1) D:4         Gauntlet (1/1)
   Lair: D:8-11         Orc: D:9-12

Altars:
Elyvilon
Kikubaaqudgha
Makhleb
Okawaru
Qazlal
Uskayaw
Zin

Shops:
D:2 :   D:10 [

Annotations:
D:9 3 runed translucent doors, Arctor's ghost, journeyman AtFi Gauntlet 21 runed translucent doors, 8 transporters


Innate Abilities, Weirdness & Mutations

You can breathe blasts of fire.
Your fiery red scales are hard. (AC +7)
You cannot fit into any form of body armour.
Your flesh is heat resistant. (rF+)
You are cold-blooded and may be slowed by cold attacks.


Message History

The minotaur hits you but does no damage.
You writhe in agony.
The minotaur gores you.
Aiming: Phantom Mirror
Press: ? - help, Dir - move target, f/p - minotaur
Aim: a minotaur, wielding the +8 battleaxe "Xom's Attic" {pain, rPois Str+4 Stlth+}, wearing the +2 fire dragon scales of Leaves {+Blink rF++ rC- MP+9 Int-4} and quivering javelins (lightly wounded, covered in liquid flames)
You reflect the minotaur with the mirror!
The mirror clouds!
The minotaur burns!
Your minotaur burns!
Your minotaur hits the minotaur with the +8 battleaxe "Xom's Attic" {pain, rPois Str+4 Stlth+}!
The minotaur writhes in agony.
Your minotaur barely misses the minotaur.
The minotaur hits you with the +8 battleaxe "Xom's Attic" {pain, rPois Str+4 Stlth+}!
* * * LOW HITPOINT WARNING * * *
The minotaur hits your minotaur with the +8 battleaxe "Xom's Attic" {pain, rPois Str+4 Stlth+}!
The minotaur completely misses you.
Unknown command.
The minotaur burns!
Your minotaur burns!
Your minotaur hits the minotaur with the +8 battleaxe "Xom's Attic" {pain, rPois Str+4 Stlth+}!
The minotaur writhes in agony.
Your minotaur closely misses the minotaur.
The minotaur hits your minotaur with the +8 battleaxe "Xom's Attic" {pain, rPois Str+4 Stlth+}!!!
Your minotaur writhes in agony!
The minotaur gores your minotaur but does no damage.
Unknown command.
Your minotaur closely misses the minotaur.
Your minotaur gores the minotaur but does no damage.
The minotaur hits your minotaur with the +8 battleaxe "Xom's Attic" {pain, rPois Str+4 Stlth+}!
Your minotaur dies!
Your minotaur's corpse shimmers and vanishes!
Aiming: Fastroot
Press: ? - help, Shift-Dir - straight line, f/p - minotaur
Aim: a minotaur, wielding the +8 battleaxe "Xom's Attic" {pain, rPois Str+4 Stlth+}, wearing the +2 fire dragon scales of Leaves {+Blink rF++ rC- MP+9 Int-4} and quivering javelins (moderately wounded, covered in liquid flames)
The roots erupt in riotous growth!
Roots grab the minotaur.
The grasping roots constrict the minotaur.
The minotaur burns!
The minotaur throws a javelin.
The javelin pierces through you!!
You die...
Kikubaaqudgha rasps: "You have failed me!
Welcome... death!"

#[.[# #8.8# ####[.[# ###8.#8H8#
#....#...# #.#..#8.8# #
#.#..##'##..#.# #.@..H........#
#.#.##.#.##.#.# #.#....#....#.#
###.#.#######.#.###
#≈...............≈# ### ###
####8.8.8..©.©..8.8.8### #8# #8#
#8##≈...............≈##8
#################################
....................≈∩≈..........


You could see a minotaur (burning, rooted).

Vanquished Creatures
  A great orb of eyes (Gauntlet)
  7 two-headed ogres
  Erica (D:9)
  Pikel (D:7)
  A deep elf pyromancer (D:8)
  An ugly thing (Gauntlet)
  A moth of wrath (Gauntlet)
  A komodo dragon (D:8)
  3 trolls
  Prince Ribbit (D:9)
  2 hornets
  A wraith (D:9)
  A shadow (D:9)
  3 wyverns
  8 yaks
  2 steam dragons
  An acid dragon (D:11)
  A water moccasin (D:5)
  5 black bears
  3 orc warriors
  A sky beast (D:7)
  An ice beast (D:6)
  An ogre (D:6)
  6 centaurs
  A phantom (D:6)
  A kobold brigand (D:6)
  5 bullfrogs
  4 scorpions (D:6)
  4 wights
  14 killer bees
  4 electric eels (D:8)
  3 howler monkeys
  2 bombardier beetles (D:4)
  4 jellies
  4 hounds
  3 orc priests
  2 iguanas
  3 sleepcaps
  7 orc wizards
  2 gnolls (D:3)
  7 adders
  2 white imps (D:6)
  A ribbon worm (D:4)
  2 dart slugs (D:5)
  20 orcs
  5 endoplasms
  5 giant cockroaches
  6 goblins
  11 hobgoblins
  3 quokkas
  7 ball pythons
  4 bats
  3 frilled lizards
  4 kobolds
  9 rats
206 creatures vanquished.

Vanquished Creatures (collateral kills)
  A redback (Gauntlet)
  A centaur (D:9)
  A killer bee (D:10)
  An adder (D:2)
  A giant cockroach (D:3)
5 creatures vanquished.

Vanquished Creatures (others)
  2 redbacks (Gauntlet)
  3 killer bees
  A gnoll (D:3)
  An adder (D:2)
7 creatures vanquished.

Grand Total: 218 creatures vanquished

Notes
Turn   | Place    | Note
-------+----------+-------------------------------------------
     0 | D:1      | jestert79 the Draconian Artificer began the quest for the
                  | Orb.
     0 | D:1      | Reached XP level 1. HP: 16/16 MP: 1/1
   111 | D:1      | Reached skill level 1 in Polearms
   277 | D:1      | Reached XP level 2. HP: 20/23 MP: 2/2
   330 | D:1      | Reached skill level 2 in Polearms
   331 | D:1      | Found a faded altar of an unknown god.
   409 | D:1      | Prayed at the altar of an unknown god.
   409 | D:1      | Became a worshipper of Kikubaaqudgha
   409 | D:1      | Reached * piety under Kikubaaqudgha
   409 | D:1      | Received a gift from Kikubaaqudgha
   815 | D:2      | Found Rij Xyakoda's Book Shop.
   952 | D:2      | Reached XP level 3. HP: 28/28 MP: 3/3
  1010 | D:2      | Reached skill level 3 in Polearms
  1240 | D:2      | Found a stormy altar of Qazlal.
  1470 | D:3      | Identified the ring "Noataj" {*Slow MP+9 Int+5 Dex+5}
  1526 | D:2      | Reached ** piety under Kikubaaqudgha
  1741 | D:3      | Reached skill level 4 in Polearms
  1741 | D:3      | Reached XP level 4. HP: 13/35 MP: 4/4
  2400 | D:4      | Reached XP level 5. HP: 40/40 MP: 5/5
  2420 | D:4      | Reached skill level 5 in Polearms
  2878 | D:4      | Reached XP level 6. HP: 13/48 MP: 6/6
  2880 | D:4      | HP: 2/48 [burnt (6)]
  3262 | D:4      | Reached skill level 6 in Polearms
  3391 | D:4      | Found a staircase to the Ecumenical Temple.
  3638 | D:5      | Entered Level 5 of the Dungeon
  4113 | D:5      | Noticed a water moccasin
  4116 | D:5      | Killed a water moccasin
  4117 | D:5      | Your scales start taking on a fiery red colour.
  4117 | D:5      | Reached XP level 7. HP: 57/57 MP: 7/7
  4117 | D:5      | Gained mutation: Your flesh is heat resistant. (rF+) [Red
                  | Draconian growth]
  4149 | D:5      | Found a hide-covered altar of Uskayaw.
  4149 | D:5      | Found an iron altar of Okawaru.
  4175 | D:5      | Noticed a yak
  4300 | D:5      | Noticed a yak
  4301 | D:5      | Noticed a yak
  4441 | D:4      | Killed a yak
  4452 | D:4      | Killed a yak
  4453 | D:4      | Reached skill level 7 in Polearms
  4766 | D:5      | Reached XP level 8. HP: 53/66 MP: 8/8
  4905 | D:6      | Found a white marble altar of Elyvilon.
  5104 | D:6      | Reached skill level 8 in Polearms
  5525 | D:6      | Reached *** piety under Kikubaaqudgha
  5525 | D:6      | Received a gift from Kikubaaqudgha
  5526 | D:6      | Reached skill level 5 in Fighting
  5658 | D:6      | Reached skill level 5 in Dodging
  5684 | D:6      | Reached skill level 9 in Polearms
  5856 | D:6      | Reached XP level 9. HP: 68/75 MP: 9/9
  6004 | D:6      | Noticed a troll
  6009 | D:6      | Killed a troll
  6365 | D:7      | Noticed Pikel
  6375 | D:7      | Killed Pikel
  6376 | D:7      | Reached skill level 10 in Polearms
  6575 | D:7      | Reached skill level 1 in Spellcasting
  6662 | D:7      | Found an ancient bone altar of Kikubaaqudgha.
  6662 | D:7      | Found a burning altar of Makhleb.
  7123 | D:2      | Bought an Everburning Encyclopedia for 418 gold pieces
  7128 | D:2      | Learned a level 4 spell: Sticky Flame
  7483 | D:8      | Noticed a deep elf pyromancer
  7524 | D:8      | Noticed a komodo dragon
  7539 | D:8      | Killed a komodo dragon
  7540 | D:8      | Reached skill level 1 in Fire Magic
  7540 | D:8      | Reached skill level 1 in Alchemy
  7540 | D:8      | Reached XP level 10. HP: 86/86 MP: 12/12
  7614 | D:8      | Killed a deep elf pyromancer
  7972 | D:8      | Reached skill level 11 in Polearms
  8894 | D:9      | Noticed a sphinx
  8895 | D:9      | Found a runed translucent gate.
  8895 | D:9      | Found a runed translucent gate.
  8896 | D:9      | Found a runed translucent gate.
  8898 | D:9      | Noticed Arctor's ghost (journeyman AtFi)
  8949 | D:9      | Noticed a manticore
  8950 | D:9      | Noticed a green ugly thing
  8969 | D:9      | Reached **** piety under Kikubaaqudgha
  8990 | D:9      | Noticed a two-headed ogre
  9004 | D:9      | Killed a two-headed ogre
  9064 | D:9      | Noticed Erica
  9076 | D:9      | Killed Erica
  9077 | D:9      | Reached skill level 5 in Fire Magic
  9460 | D:9      | Noticed a two-headed ogre
  9475 | D:9      | Killed a two-headed ogre
  9591 | D:9      | Reached skill level 5 in Alchemy
  9606 | D:9      | Noticed Prince Ribbit
  9608 | D:9      | Noticed a two-headed ogre
  9643 | D:9      | Killed Prince Ribbit
  9644 | D:9      | Reached XP level 11. HP: 92/92 MP: 14/14
  9768 | D:9      | Reached skill level 12 in Polearms
 10106 | D:9      | Killed a two-headed ogre
 10112 | D:9      | Learned a level 4 spell: Dispel Undead
 10233 | D:10     | Entered Level 10 of the Dungeon
 10269 | D:10     | Found Yroisaon's Antique Armour Shoppe.
 10272 | D:10     | Bought a buckler for 126 gold pieces
 10322 | D:10     | Noticed a two-headed ogre
 10332 | D:10     | Killed a two-headed ogre
 10333 | D:10     | Reached skill level 1 in Necromancy
 10719 | D:10     | Found a glowing silver altar of Zin.
 10808 | D:10     | Noticed a two-headed ogre
 10809 | D:10     | Noticed a two-headed ogre
 10826 | D:10     | Killed a two-headed ogre
 10972 | D:10     | Killed a two-headed ogre
 11249 | D:10     | Reached ***** piety under Kikubaaqudgha
 11521 | D:11     | Noticed a two-headed ogre
 11535 | D:11     | Killed a two-headed ogre
 11546 | D:11     | Identified the ring "Nyrgh" {rF+ Int+3 Dex+6 Stlth-}
 11725 | D:11     | Found a gate leading to a gauntlet.
 11736 | Gauntlet | Entered a Gauntlet
 11736 | Gauntlet | Noticed a white ugly thing
 11736 | Gauntlet | Noticed a great orb of eyes
 11736 | Gauntlet | Found a large runed translucent door.
 11736 | Gauntlet | Found a large runed translucent door.
 11736 | Gauntlet | Found a large runed translucent door.
 11736 | Gauntlet | Found a large runed translucent door.
 11736 | Gauntlet | Found a runed translucent door.
 11736 | Gauntlet | Found a large runed translucent door.
 11736 | Gauntlet | Found a large runed translucent door.
 11736 | Gauntlet | Found a transporter.
 11736 | Gauntlet | Found a transporter.
 11736 | Gauntlet | Found a large runed translucent door.
 11736 | Gauntlet | Found a large runed translucent door.
 11736 | Gauntlet | Found a runed translucent gate.
 11736 | Gauntlet | Found a runed translucent gate.
 11736 | Gauntlet | Found a transporter.
 11781 | Gauntlet | Found a transporter.
 11785 | Gauntlet | Found a transporter.
 11801 | Gauntlet | Found a transporter.
 11815 | Gauntlet | Noticed a soul eater
 11816 | Gauntlet | Found a transporter.
 11828 | Gauntlet | Found a runed translucent gate.
 11829 | Gauntlet | Found a large runed translucent door.
 11830 | Gauntlet | Found a large runed translucent door.
 11831 | Gauntlet | Found a large runed translucent door.
 11833 | Gauntlet | Found a transporter.
 11834 | Gauntlet | Found a large runed translucent door.
 11835 | Gauntlet | Found a transporter.
 11840 | Gauntlet | Found a large runed translucent door.
 11840 | Gauntlet | Found a large runed translucent door.
 11840 | Gauntlet | Found a runed translucent door.
 11863 | Gauntlet | Found a large runed translucent door.
 11863 | Gauntlet | Found a large runed translucent door.
 11871 | Gauntlet | Noticed a large abomination
 11879 | Gauntlet | Found a transporter.
 11894 | Gauntlet | Found a transporter.
 11900 | Gauntlet | Noticed a soul eater
 11904 | Gauntlet | Found a transporter.
 12048 | Gauntlet | Killed a red ugly thing
 12054 | Gauntlet | Killed a great orb of eyes
 12205 | Gauntlet | Identified the ring of Impatience {*Slow rPois rF+ Will++
                  | Stlth+}
 12226 | Gauntlet | Found the +5 robe of Night {Dark Will+ SInv}
 12226 | Gauntlet | Identified the +8 battleaxe "Xom's Attic" {pain, rPois
                  | Str+4 Stlth+}
 12226 | Gauntlet | Identified the +2 fire dragon scales of Leaves {+Blink rF++
                  | rC- MP+9 Int-4}
 12226 | Gauntlet | Noticed a minotaur
 12241 | Gauntlet | Hit by a javelin thrown by a minotaur

Illustrated notes

Levels and vault maps discovered:
D:1:      minmay_arrival_five_plusses, layout_loops_ring,
          dreamdust_ecumenical_altar_grove, chequers_serial_rivers_small_3
D:2:      layout_basic, serial_shops, shop, basic_altar, minmay_unequal
D:3:      layout_basic
D:4:      layout_basic, minmay_temple_entry_wispy,
          chequers_serial_rivers_micro_c, minmay_misc_feat_ornament
D:5:      layout_basic, amethyst_overflow_temple_binary
D:6:      layout_rooms, lemuel_tele_altar, ebering_dispersal_statue_hall,
          nzn_random_ring
D:7:      layout_loops_ring, mainiacjoe_overflow_divided_tiny, uniq_pikel
D:8:      layout_cave_pools, serial_bayou_lake_a
D:9:      layout_loops_ring, gammafunk_ghost_split, onia_ninara_cookie,
          uniq_prince_ribbit1, uniq_erica
D:10:     layout_roguey, zin_academy, serial_shops, nicolae_shop_behind_doors,
          chequers_serial_rivers_small_a, minmay_misc_feat_doors
D:11:     layout_gridville, minmay_lair_entry_grove, gauntlet_entry_generic,
          uniq_grum
Gauntlet: gammafunk_gauntlet_shortcut [nicolae_gauntlet_arena_x,
          gammafunk_gauntlet_arena_split_x,
          minmay_gauntlet_arena_make_your_own_arena,
          gammafunk_gauntlet_arena_hedges, gammafunk_gauntlet_arena_open,
          nicolae_gauntlet_arena_t_cross,
          nicolae_gauntlet_exit_dead_adventurers]

Skill      XL: |  1  2  3  4  5  6  7  8  9 10 11 |
---------------+----------------------------------+-----
Polearms       | 1 2 4 5 6 7 9 10 11 12 | 12.0
Fighting       | 3 4 5 7 8 |  8.9
Dodging        | 3 4 5 6 7 |  7.2
Spellcasting   | 1 2 4 |  4.3
Fire Magic     | 1 6 7 |  7.3
Alchemy        | 1 5 6 |  6.0
Necromancy     | 4 |  4.1
Stealth        | |  0.8
Evocations     | |  3.0

Action                     |  1- 3 |  4- 6 |  7- 9 | 10-12 || total
---------------------------+-------+-------+-------+-------++-------
  Melee: Spear             |   175 |   248 |   255 |   357 ||  1035
         Tailslap          |    14 |    39 |    43 |    82 ||   178
         Punch             |     2 |     9 |     6 |    11 ||    28
   Cast: Sticky Flame      |       |       |       |    23 ||    23
Ability: Breathe Fire      |       |       |    24 |    41 ||    65
  Evoke: Wand              |     1 |     6 |       |     8 ||    15
         Phantom mirror    |       |       |       |     1 ||     1
    Use: Potion            |       |     1 |     1 |     2 ||     4
         Scroll            |       |       |    17 |     9 ||    26
   Stab: Sleeping          |     2 |     4 |     5 |       ||    11
         Distracted        |       |       |     1 |       ||     1
 Armour: Skin              |    66 |    93 |   133 |   186 ||   478
  Dodge: Dodged            |    99 |   107 |   169 |   200 ||   575
